 Dungeon Crawl Stone Soup version 0.31.0-11-ge490571c62 (webtiles) character file.

Game seed: 18412320771346758899

932 Kruger the Covert (level 8, -1/67 HPs)
             Began as a Gnoll Wanderer on Feb 9, 2024.
             Killed by divine providence
             ... invoked by an orc priest
              (14 damage)
             ... on level 6 of the Dungeon.
             The game lasted 00:09:26 (2624 turns).

Kruger the Covert (Gnoll Wanderer)                  Turns: 2624, Time: 00:09:27

Health: -1/67      AC:  7    Str: 10      XL:     8   Next: 11%
Magic:  11/11      EV:  9    Int: 11 (12) God:
Gold:   87         SH:  0    Dex: 15      Spells: 9/13 levels left

rFire   . . .        f - +10 sling of Green Absolution {drain, *Slow rElec rN++ Stlth+}
rCold   + . .        (no shield)
rNeg    + + .        c - +0 scale mail
rPois   .            (no helmet)
rElec   +            (no cloak)
rCorr   .            (no gloves)
SInv    .            (no boots)
Will    .....        (no amulet)
Stlth   ++++         b - ring of protection from cold
HPRegen 0.31/turn    (no ring)
MPRegen 0.12/turn

%: slow self (1%)
@: no status effects
A: fangs 1, strong nose, distributed training, low MP 1
a: no special abilities


You were on level 6 of the Dungeon.
You visited 1 branch of the dungeon, and saw 6 of its levels.

You collected 87 gold pieces.

Inventory:

Hand Weapons
 a - a +3 dagger
 f - the +10 sling of Green Absolution (weapon) {drain, *Slow rElec rN++ Stlth+}
   (You found it on level 5 of the Dungeon)

   rElec:     It insulates you from electricity.
   rN++:      It greatly protects you from negative energy.
   *Slow:     It may slow you when you take damage.
   Stlth+:    It makes you more stealthy.
Armour
 c - a +0 scale mail (worn)
Jewellery
 b - a ring of protection from cold (left hand)
Wands
 g - a wand of iceblast (9)
Scrolls
 e - 2 scrolls of teleportation
Potions
 d - 2 potions of brilliance
 k - a potion of enlightenment


   Skills:
 + Level 7.3 Fighting
 + Level 3.1 Short Blades
 + Level 3.1 Long Blades
 + Level 3.1 Axes
 + Level 3.1 Maces & Flails
 + Level 3.1 Polearms
 + Level 3.1 Staves
 + Level 3.1 Ranged Weapons
 + Level 3.1 Throwing
 + Level 7.3 Armour
 + Level 3.1 Dodging
 + Level 8.4 Stealth
 + Level 3.1 Shields
 + Level 3.1 Unarmed Combat
 + Level 3.1 Spellcasting
 + Level 2.5 Conjurations
 + Level 2.5 Hexes
 + Level 2.5 Summonings
 + Level 2.5 Necromancy
 + Level 2.5 Translocations
 + Level 2.5 Fire Magic
 + Level 2.5 Ice Magic
 + Level 2.5 Air Magic
 + Level 2.5 Earth Magic
 + Level 2.5 Alchemy
 + Level 3.4 Invocations
 + Level 3.1 Evocations
 + Level 2.8 Shapeshifting


You had 9 spell levels left.
You knew the following spells:

 Your Spells              Type           Power      Damage    Failure   Level
a - Frozen Ramparts       Ice            14%        1d3       82%         3
b - Freeze                Ice            28%        1d5       43%         1

Your spell library contained the following spells:

 Spells                   Type           Power      Damage    Failure   Level
 Sandblast                Erth           14%        2d6       43%         1
 Hailstorm                Conj/Ice       7%         3d5       82%         3
 Passwall                 Erth           7%         N/A       82%         3
 Stone Arrow              Conj/Erth      14%        3d7       82%         3
 Brom's Barrelling Bould  Conj/Erth      7%         2d3       99%         4


Dungeon Overview and Level Annotations

Branches:
Dungeon (6/15)
 Temple: D:4-7

Altars:
Ashenzari
Dithmenos
Wu Jian


Innate Abilities, Weirdness & Mutations

You have very sharp teeth.
Your uncanny sense of smell can sniff out nearby items.
Your experience applies equally to all skills.
Your magical capacity is low. (-10% MP)


Message History

The orc priest mumbles some strange prayers to Beogh against you.
Beogh smites you! The orc hits you with a +0 mace. x2
The orc hits you with a +0 short sword.
The orc shouts!
You shoot a sling bullet.
The sling bullet closely misses the orc.
You hear a shout!
The orc hits you but does no damage. The orc closely misses you.
The orc hits you with a +0 short sword. The orc hits you with a +0 mace.
* * * LOW HITPOINT WARNING * * *
You hear a shout!
You shoot a sling bullet. The sling bullet hits the orc!
You kill the orc!
The orc priest casts a cantrip, but nothing happens.
The orc barely misses you. The orc closely misses you.
The orc completely misses you.
Unknown command.
You shoot a sling bullet. The sling bullet hits the orc!
You kill the orc!
The orc hits you with a +0 mace.
* * * LOW HITPOINT WARNING * * *
The orc priest mumbles some strange prayers to Beogh against you.
Beogh smites you!
* * * LOW HITPOINT WARNING * * *
The orc closely misses you.
You feel better. The orc hits you but does no damage.
You shoot a sling bullet. The sling bullet hits the orc!
You kill the orc!
The orc misses you. The orc barely misses you.
The orc priest hits you but does no damage.
You shoot a sling bullet.
The sling bullet hits the orc priest but does no damage.
The orc hits you but does no damage. The orc priest hits you with a +0 club.
* * * LOW HITPOINT WARNING * * *
You shoot a sling bullet.
The sling bullet completely misses the orc priest.
The orc barely misses you.
The orc priest calls down the wrath of Beogh upon you.
Beogh smites you!
You die...

..##......# #..
#####.....## ###... #
#......####...o ##
##.......##....# #
.###............######..
..(....#................
........##..............
........###....)))o.....
........# ##....@o......
..#.....# #............
.###....# ##..#########
.# ##....# #.## .#
##...# #.# .# #..# #.#
#.# #.# #. #. ##


You could see an orc priest and an orc.

Vanquished Creatures
  Grinder (D:5)
  2 ice beasts
  2 ogres (D:5)
  A scorpion (D:5)
  2 jellies
  An orc priest (D:5)
  2 hounds
  Terence (D:2)
  2 orc wizards
  4 adders
  A white imp (D:4)
  A dart slug (D:4)
  9 orcs
  2 ball pythons
  4 endoplasms
  2 goblins
  3 hobgoblins
  3 quokkas
  3 bats
  A frilled lizard (D:1)
  3 rats (D:1)
50 creatures vanquished.

Vanquished Creatures (others)
  An orc wizard (D:5)
1 creature vanquished.

Grand Total: 51 creatures vanquished

Notes
Turn   | Place    | Note
-------+----------+-------------------------------------------
     0 | D:1      | Kruger the Gnoll Wanderer began the quest for the Orb.
     0 | D:1      | Kruger set off with the following items: a +3 dagger, a
                  | potion of haste, a +0 scale mail, a potion of brilliance.
     0 | D:1      | Reached XP level 1. HP: 23/23 MP: 1/1
   266 | D:1      | Reached XP level 2. HP: 29/29 MP: 2/2
   309 | D:1      | You fall into a shaft and drop 1 floor!
   333 | D:2      | Noticed Terence
   368 | D:2      | Killed Terence
   369 | D:2      | Reached XP level 3. HP: 18/35 MP: 2/4
   409 | D:2      | Found a broken altar of Ashenzari.
   418 | D:2      | Reached skill level 1 in Invocations
   533 | D:3      | Reached skill level 1 in Short Blades
   533 | D:3      | Reached skill level 1 in Long Blades
   533 | D:3      | Reached skill level 1 in Axes
   533 | D:3      | Reached skill level 1 in Maces & Flails
   533 | D:3      | Reached skill level 1 in Polearms
   533 | D:3      | Reached skill level 1 in Staves
   533 | D:3      | Reached skill level 1 in Ranged Weapons
   533 | D:3      | Reached skill level 1 in Throwing
   533 | D:3      | Reached skill level 1 in Dodging
   533 | D:3      | Reached skill level 1 in Shields
   533 | D:3      | Reached skill level 1 in Unarmed Combat
   533 | D:3      | Reached skill level 1 in Spellcasting
   533 | D:3      | Reached skill level 1 in Evocations
   609 | D:3      | Reached skill level 1 in Shapeshifting
   609 | D:3      | Reached XP level 4. HP: 41/41 MP: 5/5
   873 | D:4      | Reached skill level 1 in Conjurations
   873 | D:4      | Reached skill level 1 in Hexes
   873 | D:4      | Reached skill level 1 in Summonings
   873 | D:4      | Reached skill level 1 in Necromancy
   873 | D:4      | Reached skill level 1 in Translocations
   873 | D:4      | Reached skill level 1 in Fire Magic
   873 | D:4      | Reached skill level 1 in Ice Magic
   873 | D:4      | Reached skill level 1 in Air Magic
   873 | D:4      | Reached skill level 1 in Earth Magic
   873 | D:4      | Reached skill level 1 in Alchemy
   879 | D:4      | Learned a level 3 spell: Frozen Ramparts
   881 | D:4      | Learned a level 1 spell: Freeze
  1044 | D:4      | Reached XP level 5. HP: 43/47 MP: 7/7
  1110 | D:5      | Entered Level 5 of the Dungeon
  1168 | D:5      | Noticed Grinder
  1175 | D:5      | Killed Grinder
  1176 | D:5      | Reached skill level 8 in Stealth
  1176 | D:5      | Reached XP level 6. HP: 53/53 MP: 7/9
  1210 | D:5      | Gained mutation: Your magical capacity is low. (-10% MP)
                  | [potion of mutation]
  1235 | D:5      | Reached XP level 7. HP: 24/60 MP: 9/9
  1504 | D:5      | Found an ornate altar of the Wu Jian Council.
  1545 | D:5      | Identified the +10 sling of Green Absolution {drain, *Slow
                  | rElec rN++ Stlth+}
  1812 | D:5      | Found a shadowy altar of Dithmenos.
  2488 | D:6      | Reached XP level 8. HP: 67/67 MP: 11/11
  2624 | D:6      | Killed from afar by an orc priest

Illustrated notes

Levels and vault maps discovered:
D:1:      dpeg_arrival_tiny_a, layout_basic
D:2:      layout_basic, basic_altar, dilly_ecumenical_altar_fadedgnrine,
          uniq_terence
D:3:      layout_rooms, okawaru_altar_gauntlet_db, kennysheep_minor_cross,
          minmay_unequal
D:4:      layout_basic, serial_shops, shop
D:5:      layout_loops_corners, mainiacjoe_overflow_boulevard,
          nzn_wu_jian_council_hall, chequers_serial_rivers_small_a,
          kennysheep_crisscross, uniq_grinder
D:6:      layout_layer_cave, gup_sewer_entry_spiral,
          serial_library_hellmonk_statue_hall

Skill      XL: |  1  2  3  4  5  6  7 |
---------------+----------------------+-----
Invocations    | 1 2 3 |  3.4
Short Blades   | 1 2 3 |  3.1
Long Blades    | 1 2 3 |  3.1
Axes           | 1 2 3 |  3.1
Maces & Flails | 1 2 3 |  3.1
Polearms       | 1 2 3 |  3.1
Staves         | 1 2 3 |  3.1
Ranged Weapons | 1 2 3 |  3.1
Throwing       | 1 2 3 |  3.1
Dodging        | 1 2 3 |  3.1
Shields        | 1 2 3 |  3.1
Unarmed Combat | 1 2 3 |  3.1
Spellcasting   | 1 2 3 |  3.1
Evocations     | 1 2 3 |  3.1
Shapeshifting  | 1 2 |  2.8
Conjurations   | 1 2 |  2.5
Hexes          | 1 2 |  2.5
Summonings     | 1 2 |  2.5
Necromancy     | 1 2 |  2.5
Translocations | 1 2 |  2.5
Fire Magic     | 1 2 |  2.5
Ice Magic      | 1 2 |  2.5
Air Magic      | 1 2 |  2.5
Earth Magic    | 1 2 |  2.5
Alchemy        | 1 2 |  2.5
Stealth        | 8 |  8.4
Fighting       | 7 |  7.3
Armour         | 7 |  7.3

Action                     |  1- 3 |  4- 6 |  7- 9 || total
---------------------------+-------+-------+-------++-------
  Melee: Dagger            |    82 |    74 |    14 ||   170
         Bite              |     6 |    10 |       ||    16
         Punch             |       |     1 |     1 ||     2
   Fire: Sling             |       |       |    44 ||    44
    Use: Scroll            |     3 |     1 |     1 ||     5
         Potion            |     1 |     7 |     1 ||     9
   Stab: Sleeping          |     3 |     3 |       ||     6
 Armour: Scale mail        |    47 |    51 |    39 ||   137
  Dodge: Dodged            |    24 |    42 |    18 ||    84
